 Dungeon Crawl Stone Soup version 0.16.2-12-gd0ad4c3 (webtiles) character file.

190 HANFGEIST the Ducker (level 5, -3/24 HPs)
             Began as a Spriggan Air Elementalist on Oct 8, 2015.
             Slain by a giant frog (5 damage)
             ... on level 4 of the Dungeon.
             The game lasted 00:11:09 (2770 turns).

HANFGEIST the Ducker (Spriggan Air Elementalist)    Turns: 2770, Time: 00:11:09

Health: -3/24      AC:  2    Str:  9    XL:     5   Next: 41%
Magic:  7/14       EV: 21    Int: 17    God:
Gold:   172        SH:  0    Dex: 17    Spells: 4 memorised, 0 levels left

rFire  . . .     SeeInvis +     h - +4 mace
rCold  . . .     Clarity  .     a - +0 robe
rNeg   . . .     SustAb   .     (shield restricted)
rPois  .         Gourm    .     (helmet restricted)
rElec  .         Spirit   .     (no cloak)
rCorr  .         Warding  .     (gloves unavailable)
rMut   .         Stasis   .     (boots unavailable)
MR     .....                    (no amulet)
Stlth  +++.......               (no ring)
                                (no ring)

@: mighty, very slightly contaminated, repel missiles, very quick, not resistant
to hostile enchantments, fairly stealthy
A: unfitting armour, see invisible, herbivore 3, speed 3, slow metabolism 2
a: no special abilities


You were on level 4 of the Dungeon.
You were not hungry.

You visited 1 branch of the dungeon, and saw 4 of its levels.

You collected 172 gold pieces.

Inventory:

Hand weapons
 h - a +4 mace (weapon)
Armour
 a - a +0 robe (worn)
Scrolls
 d - 3 scrolls of enchant weapon {unknown}
 g - a scroll of teleportation {unknown}
 i - 4 scrolls of identify {unknown}
 k - a scroll of remove curse {unknown}
 l - 2 scrolls of magic mapping {unknown}
 r - a scroll of fear {unknown}
 v - a scroll of immolation {unknown}
Potions
 f - 2 potions of heal wounds {unknown}
 j - a potion of magic {unknown}
 m - 2 potions of flight {unknown}
 p - a potion of degeneration {unknown}
 s - a potion of restore abilities {unknown}
 t - 2 potions of invisibility {unknown}
 u - a potion of haste {unknown}
 w - a potion of cancellation {unknown}
 x - a potion of agility {unknown}
Books
 b - a book of Air

   Spells                             Type                      Level
   a - Shock                          Conjuration/Air              1
   b - Swiftness                      Charms/Air                   2
   c - Repel Missiles                 Charms/Air                   2
   d - Flight                         Charms/Air                   3
   e - Static Discharge               Conjuration/Air              3
   f - Lightning Bolt                 Conjuration/Air              5
Comestibles
 c - a bread ration
 n - 4 fruits
 o - a royal jelly
 q - a slice of pizza


   Skills:
 * Level 6.1 Dodging
 - Level 3.0 Stealth
 - Level 2.6 Spellcasting
 + Level 1.9 Conjurations
 + Level 3.7 Air Magic


You couldn't memorise any spells.
You knew the following spells:

 Your Spells              Type           Power        Failure   Level  Hunger
a - Shock                 Conj/Air       ##..         6%          1    #......
b - Repel Missiles        Chrm/Air       #.....       14%         2    ##.....
c - Flight                Chrm/Air       #.........   24%         3    ###....
d - Static Discharge      Conj/Air       ##......     17%         3    ###....


Dungeon Overview and Level Annotations

Branches:
Dungeon (4/15)
 Temple: D:4-7

Altars:
Dithmenos
Kikubaaqudgha
Xom
The Shining One

Shops:
D:4 :

Annotations:
D:3 Musteatbrain's ghost, average DsFi


Innate Abilities, Weirdness & Mutations

You are tiny and cannot use many weapons and most armour.
You have supernaturally acute eyesight.
You are a herbivore.
You cover ground extremely quickly.
You need consume almost no food.


Message History

Casting: Shock
Confirm with . or Enter, or press ? or * to list all spells.
You miscast Static Discharge.
Wisps of smoke drift from your hands. The giant frog completely misses you.
The giant frog closely misses you.
You aren't carrying any items that can be evoked.
Drink which item? (? for menu, Esc to quit)
You feel very mighty all of a sudden. The giant frog closely misses you.
You barely miss the giant frog.
The giant frog is moderately wounded.
The giant frog misses you. The giant frog hits you.
You sock the giant frog!
The giant frog is almost dead.
The giant frog misses you. The giant frog hits you.
* * * LOW HITPOINT WARNING * * *
You closely miss the giant frog.
The giant frog is almost dead.
The giant frog hits you.
You die...

#.#..∩..###...##
†...#.### ##...#
#.#...# ##..#
.....## #..#
#.#...# ##.##
.......# #..#
#.#.#.... ##.#
#...##.. #F##
#..## . ##@#
...# #.# ###


You could see a giant frog.

Vanquished Creatures
  A hound (D:4)
  7 adders
  2 giant mites
  3 worms
  An adder skeleton (D:4)
  An ooze (D:4)
  2 orcs (D:3)
  3 ball pythons
  4 bats
  2 giant cockroaches
  6 goblins
  5 hobgoblins
  9 kobolds
  2 quokkas
  11 giant newts
  9 rats
68 creatures vanquished.

Notes
Turn   | Place    | Note
--------------------------------------------------------------
     0 | D:1      | HANFGEIST, the Spriggan Air Elementalist, began the quest for the Orb.
     0 | D:1      | Reached XP level 1. HP: 9/9 MP: 4/4
   425 | D:1      | Reached XP level 2. HP: 4/13 MP: 7/7
   752 | D:2      | Reached skill level 4 in Dodging
   753 | D:2      | Reached skill level 1 in Conjurations
   803 | D:2      | Found a shimmering altar of Xom.
   829 | D:2      | Reached XP level 3. HP: 16/16 MP: 9/9
  1117 | D:2      | Reached XP level 4. HP: 10/21 MP: 12/12
  1184 | D:2      | Reached skill level 5 in Dodging
  1213 | D:2      | You fall through a shaft!
  1359 | D:3      | Found an ancient bone altar of Kikubaaqudgha.
  1398 | D:3      | Found a glowing golden altar of the Shining One.
  2046 | D:3      | Noticed Musteatbrain's ghost (average DsFi)
  2513 | D:3      | Reached XP level 5. HP: 24/24 MP: 7/14
  2559 | D:3      | Found a shadowy altar of Dithmenos.
  2660 | D:4      | Found Twifeax's Book Boutique.
  2703 | D:4      | Reached skill level 6 in Dodging
  2709 | D:4      | Learned a level 2 spell: Repel Missiles
  2714 | D:4      | Learned a level 3 spell: Flight
  2718 | D:4      | Learned a level 3 spell: Static Discharge
  2751 | D:4      | Noticed a giant frog
  2770 | D:4      | Slain by a giant frog

Action                   |  1- 3 |  4- 6 || total
-------------------------+-------+-------++-------
Melee: Mace              |    44 |    72 ||   116
       Unarmed           |     2 |       ||     2
 Cast: Shock             |    46 |    57 ||   103
       Repel Missiles    |       |     1 ||     1
  Use: Potion            |     1 |     1 ||     2
 Stab: Sleeping          |     5 |     5 ||    10
